Map: Last Fantasy LE

Players

jeannysu - Winner!

  • Race: Terran Terran
  • Spawn Location: 3:00

VOD

Have the link to the VOD?

Description

Time

  • Played on: Sept. 4, 2025, 9:51 a.m.
  • Length: 16:39
Show
View Real Time Build Order
Export as new Build Order

jeannysu Terran - Winner!

Build Orders:  

Get SALT Encoding   

  12  0:00  SCV  
  13  0:23  Supply Depot  
  13  0:24  SCV  
  14  0:41  SCV  
  15  0:55  Barracks  
  15  0:59  Refinery  
  15  1:01  SCV  
  16  1:18  SCV  
  17  1:35  SCV  
  18  1:52  SCV  
  19  2:06  Reaper  
  20  2:11  Command Center  
  20  2:25  Orbital Command  
  20  2:53  Factory  
  20  3:04  SCV  
  20  3:05  Refinery  
  21  3:10  Barracks Tech Lab  
  21  3:18  Stimpack  
  21  3:21  SCV  
  22  3:38  SCV  
  23  3:51  Marine  
  23  3:55  Supply Depot, SCV  
  25  4:15  Factory Tech Lab  
  24  4:30  Factory Tech Lab  
  24  4:37  Supply Depot  
  24  4:38  Starport  
  24  4:39  SCV  
  25  4:44  Orbital Command  
  25  4:49  Marine  
  26  4:56  SCV  
  27  5:03  Siege Tank  
  30  5:13  Marine  
  30  5:18  SCV  
  32  5:22  SCV  
  33  5:35  SCV  
  33  5:39  SCV  
  35  5:44  Refinery  
  35  5:45  Refinery  
  35  5:47  Medivac  
  37  5:52  SCV  
  37  5:59  SCV  
  39  6:09  SCV  
  40  6:11  Unknown  
  40  6:16  SCV  
  41  6:26  SCV  
  42  6:33  SCV  
  43  6:43  Barracks, SCV  
  43  6:45  Barracks  
  44  6:59  Siege Tank  
  47  7:01  Marine  
  47  7:03  Starport Reactor  
  48  7:10  Supply Depot  
  48  7:14  Engineering Bay  
  48  7:16  Engineering Bay  
  48  7:20  SCV  
  49  7:35  Marine  
  50  7:56  SCV x2  
  52  8:08  Terran Infantry Armor Level 1, Terran Infantry Weapons Level 1  
  52  8:13  SCV x2  
  52  8:14  Siege Tank x2  
  54  8:20  Medivac  
  54  8:23  Medivac  
  54  8:25  Barracks Reactor x2  
  54  8:28  Marine  
  54  8:29  SCV  
  59  8:30  SCV  
  61  8:53  Marine  
  62  9:13  Supply Depot  
  62  9:21  Supply Depot  
  62  9:43  Marine x2, Siege Tank  
  67  9:51  Supply Depot  
  67  9:57  Command Center  
  67  10:00  Siege Tank  
  67  10:01  Siege Tank  
  67  10:08  Marine  
  68  10:11  Marine x3  
  68  10:12  Marine  
  72  10:28  Siege Tank  
  75  10:33  Marine  
  75  10:36  Marine x4  
  80  10:58  Marine  
  81  11:04  Siege Tank  
  81  11:05  Marine x3  
  81  11:06  Marine  
  85  11:23  Armory  
  85  11:26  Siege Tank x2  
  85  11:27  Siege Tank  
  85  11:28  Supply Depot  
  85  11:30  Marine  
  85  11:31  Marauder, Siege Tank  
  97  12:01  Marauder  
  97  12:06  Siege Tank x2  
  99  12:31  Marauder, Unknown  
  99  12:32  Unknown  
  72  13:38  Siege Tank  
  72  13:50  Marine  
  72  13:51  Marine x3  
  76  14:15  Marine, Siege Tank x2  
  76  14:16  Marine x3  
  76  14:40  Marine  
  76  14:41  Marine  
  71  15:07  Unknown  
  69  15:22  Unknown  
  69  15:23  Unknown  
Tags
 
Matchup
Co-op
Replay Pack
새 폴더
Add a new tag
Caveats
  • Supply blocks, unpowered buildings, or Contaminate may cause inaccurate times.
  • Supply counts are checked every 10 seconds.